 Dungeon Crawl Stone Soup version 0.13-a0-2156-ga9a2eb8 (webtiles) character file.

73423 Infinimo the Phalangite (level 14, 0/109 HPs)
             Began as a Djinni Berserker on June 30, 2013.
             Was the Champion of Trog.
             Slain by a two-headed ogre
             ... wielding a +0,+0 giant spiked club
              (7 damage)
             ... on Level 3 of the Orcish Mines.
             The game lasted 01:06:23 (34624 turns).

Infinimo the Phalangite (Djinni Berserker)         Turns: 34624, Time: 01:06:23

HP   0/109 (98)  AC 22     Str 20      XL: 14   Next: 92%
MP   0/0         EV  6     Int 12      God: Trog [******]
Gold 2179        SH  0     Dex 13      Spells:  0 memorised, 13 levels left

Res.Fire  : + + +   See Invis. : .   b - +0,+2 bardiche (slay drac)
Res.Cold  : . . .   Warding    : .   M - +0 plate armour
Life Prot.: + + +   Conserve   : .   (no shield)
Res.Poison: .       Res.Corr.  : .   h - +2 visored helmet
Res.Elec. : .       Clarity    : .   K - -1 cloak of Saorop {Str+2}
Sust.Abil.: . .     Spirit.Shd : .   x - +1 pair of dwarf gauntlets
Res.Mut.  : .       Stasis     : .   (boots unavailable)
Res.Rott. : .       Flight     : .   (no amulet)
Saprovore : . . .                    k - ring "Sulolig" {Hunger +Blink rC+ Dam+4}
                                     Q - ring of protection from magic

@: about to teleport, quite resistant to hostile enchantments, extremely
unstealthy
A: no striking features
a: Burn Spellbooks, Berserk, Trog's Hand, Brothers in Arms, Renounce Religion,
Evoke Blink


You were on level 3 of the Orcish Mines.
You worshipped Trog.
Trog was exalted by your worship.
You were not hungry.

You visited 3 branches of the dungeon, and saw 24 of its levels.

You collected 2432 gold pieces.
You spent 273 gold pieces at shops.

Inventory:

Hand weapons
 b - a +0,+2 bardiche of dragon slaying (weapon)
 S - a +3,+2 glaive of flaming
Armour
 h - a +2 visored helmet (worn)
 x - a +1 pair of dwarven gauntlets (worn)
 K - the -1 cloak of Saorop (worn) {Str+2}
   (You found it on level 2 of the Lair of Beasts)

   It affects your strength (+2).
 M - a +0 plate armour (worn)
Magical devices
 n - a wand of confusion (18) {unknown}
 q - a wand of fireball (4)
 t - a wand of magic darts (16)
 w - a wand of paralysis (13) {unknown}
Scrolls
 d - 2 scrolls of amnesia {unknown}
 e - 2 scrolls of magic mapping
 f - 4 scrolls of remove curse
 j - a scroll of blinking
 p - a scroll of fog
Jewellery
 k - the ring "Sulolig" (right hand) {Hunger +Blink rC+ Dam+4}
   (You bought it in a shop on level 2 of the Orcish Mines)

   [ring of hunger]

   It affects your damage-dealing abilities (+4).
   It protects you from cold.
   It lets you blink.
 o - a +0,+6 ring of slaying {unknown}
 u - a +5 ring of strength
 v - a +3 ring of strength
 y - an uncursed ring of poison resistance
 Q - a ring of protection from magic (left hand)
Potions
 a - a potion of strong poison {unknown}
 c - a potion of agility {unknown}
 g - 2 potions of magic
 i - 9 potions of curing
 l - 3 potions of heal wounds
 m - 2 potions of restore abilities
 r - a potion of poison {unknown}
 s - 2 potions of resistance {unknown}
 z - 2 potions of flight
 C - a potion of confusion {unknown}
 G - 2 potions of berserk rage
 I - a potion of beneficial mutation {unknown}
 J - a potion of degeneration {unknown}


   Skills:
 + Level 11.2 Fighting
 * Level 23.7 Polearms
 - Level 12.0 Armour
 - Level 1.7 Dodging


You had 13 spell levels left.
You didn't know any spells.

Dungeon Overview and Level Annotations

Branches:
Dungeon (12/27)            Temple (0/1) D:4             Orc (4/4) D:9
    Elf (0/3) Orc:4          Lair (8/8) D:10         Shoals (0/5) Lair:5
  Snake (0/5) Lair:3        Slime (0/6) Lair:7

Altars:
Cheibriados
Elyvilon
Fedhas
Makhleb
Sif Muna
Vehumet
Xom
Yredelemnul
Zin
the Shining One

Shops:
D:5: + D:11: = Orc:2: =


Message History

The two-headed ogre seems to speed up.
The two-headed ogre hits you with a giant spiked club!
The ogre hits you with a giant spiked club!
The two-headed ogre hits you with a giant club!
The ogre mage casts a spell.
The ogre mage seems to speed up.
You climb upwards.
There is a stone staircase leading down here.
Unknown command.
Unknown command.
Read which item? (? for menu, Esc to quit)
As you read the scroll of teleportation, it crumbles to dust.
You feel strangely unstable.
The ogre mage points at you and mumbles some strange words.
The bolt of lightning hits you!
* * * LOW HITPOINT WARNING * * *
The ogre hits you with a giant spiked club.
* * * LOW HITPOINT WARNING * * *
The two-headed ogre hits you with a giant spiked club!
You die...

##.............#
#......^..^....##
##..#..#........##
#..........<#...##
##..#.............#
##....#...##......##
#.....#...#.##.####
##....O)O.)[[###
#....O@O......##
##....))......>#
##...........##
##..........# #
##........## ##
##.#....## .#
##....### ##
#......## #
##.......#


You could see an ogre mage, 2 two-headed ogres and an ogre.

Vanquished Creatures
  Harold (Orc:3)
  6 hydras
  Nessos (Orc:3)
  10 death yaks
  A catoblepas (Lair:6)
  Pikel (D:4)
  5 lindwurms
  Joseph (Orc:3)
  A hill giant (D:11)
  The ghost of cedor the Slicer, an experienced DESk of Lugonu (D:10)
  A spiny worm (Lair:8)
  A cyclops (D:11)
  2 griffons
  A fire crab (D:9)
  4 elephant slugs
  4 black mambas
  2 hill giant zombies
  A griffon skeleton (D:12)
  12 spiny frogs
  15 elephants
  6 komodo dragons
  A spriggan (D:9)
  A hill giant skeleton (D:11)
  6 two-headed ogres
  6 giant leeches
  27 blink frogs
  5 sharks
  2 hungry ghosts
  46 yaks
  A hog (D:12)
  A trapdoor spider (D:11)
  12 wolves
  4 fire drakes
  A manticore (D:8)
  11 vampire mosquitoes
  Edmund (D:4)
  15 hippogriffs
  4 grizzly bears (D:12)
  11 porcupines
  Menkaure (D:5)
  4 necrophages (D:7)
  A wyvern skeleton (D:8)
  A cyclops zombie (D:12)
  5 phantoms
  A cyclops skeleton (D:12)
  A sky beast (D:9)
  14 orc warriors
  An ice beast (D:5)
  11 ogres
  A giant goldfish (Lair:8)
  2 yellow wasps
  A boring beetle (Lair:5)
  A warg (Orc:1)
  2 giant goldfish zombies (D:4)
  9 crocodiles
  5 centaurs
  7 giant slugs
  A big kobold (D:11)
  24 giant frogs
  20 water moccasins
  A centaur zombie (D:12)
  9 agate snails
  2 jellyfish (Lair:8)
  6 killer bees (D:7)
  4 electric eels (Lair:8)
  5 wights (D:6)
  2 ogre zombies
  7 crimson imps
  4 goliath beetles
  11 hounds
  A big kobold skeleton (D:8)
  A crocodile skeleton (D:9)
  6 iguanas
  A hound zombie (D:9)
  A big fish (Lair:8)
  21 orc priests
  A scorpion (D:4)
  25 orc wizards
  33 sheep
  8 worker ants
  3 jellies
  2 mummies
  31 adders
  3 gnolls (D:3)
  61 green rats
  3 giant centipedes
  An adder skeleton (D:8)
  An iguana skeleton (D:5)
  2 giant mites
  An inept feature mimic (D:11)
  7 worms
  A bat skeleton (D:7)
  A bat zombie (D:5)
  5 giant eyeballs
  9 giant geckos
  169 orcs
  2 ball pythons (D:2)
  7 giant cockroaches
  16 goblins
  17 hobgoblins
  19 jackals
  15 kobolds
  14 quokkas
  25 bats
  10 giant newts
  3 giant spores
  A kobold zombie (D:7)
  A quokka skeleton (D:6)
  A quokka zombie (D:9)
  23 rats
  4 ballistomycetes
  A bush (D:7)
953 creatures vanquished.

Vanquished Creatures (collateral kills)
  2 yaks (Lair:8)
2 creatures vanquished.

Vanquished Creatures (others)
  An orc (D:4)
  A bat (D:4)
  A goblin (D:4)
  2 quokkas
  A giant newt (D:4)
  A jackal skeleton (D:6)
  12 fungi
  10 plants
29 creatures vanquished.

Grand Total: 984 creatures vanquished

Notes
Turn   | Place    | Note
--------------------------------------------------------------
     0 | D:1      | Infinimo, the Djinni Berserker, began the quest for the Orb.
     0 | D:1      | Reached XP level 1. HP: 16/16 MP: 0/0
   161 | D:1      | Reached XP level 2. EP: 17/22
   218 | D:1      | Reached skill level 4 in Polearms
   387 | D:1      | Acquired Trog's second power
   934 | D:2      | Reached XP level 3. EP: 20/28
  1250 | D:2      | Found a deep blue altar of Sif Muna.
  1340 | D:2      | Reached skill level 5 in Polearms
  1418 | D:2      | Found a burning altar of Makhleb.
  1644 | D:2      | Reached XP level 4. EP: 28/35
  1762 | D:2      | Found a radiant altar of Vehumet.
  2335 | D:3      | Reached skill level 6 in Polearms
  2398 | D:3      | Reached XP level 5. EP: 40/40
  2872 | D:3      | Reached skill level 7 in Polearms
  3115 | D:4      | Acquired Trog's third power
  3121 | D:4      | Reached XP level 6. EP: 42/47
  3193 | D:4      | Found a staircase to the Ecumenical Temple.
  3219 | D:4      | Noticed a phantom
  3230 | D:4      | Killed a phantom
  3230 | D:4      | Reached skill level 8 in Polearms
  3520 | D:4      | Reached skill level 9 in Polearms
  3520 | D:4      | Reached XP level 7. EP: 17/53
  3718 | D:4      | Noticed Edmund
  3732 | D:4      | Killed Edmund
  3950 | D:4      | Noticed a slave
  3951 | D:4      | Noticed a slave
  3951 | D:4      | Noticed Pikel
  3990 | D:4      | Killed Pikel
  3990 | D:4      | Reached skill level 10 in Polearms
  3990 | D:4      | Reached XP level 8. EP: 54/60
  3998 | D:4      | Noticed a freed slave
  4032 | D:4      | Noticed a freed slave
  4318 | D:4      | Reached skill level 11 in Polearms
  4327 | D:4      | Found a basalt altar of Yredelemnul.
  4384 | D:5      | Entered Level 5 of the Dungeon
  4386 | D:5      | Found Leuh Uxt's Book Shoppe.
  5076 | D:5      | Noticed Menkaure
  5084 | D:5      | Killed Menkaure
  5211 | D:5      | Found a shimmering altar of Xom.
  5762 | D:6      | Reached XP level 9. EP: 65/65
  5873 | D:6      | Reached skill level 12 in Polearms
  6298 | D:6      | Received a gift from Trog
  6322 | D:6      | Found a glowing golden altar of the Shining One.
  6322 | D:6      | Found a white marble altar of Elyvilon.
  6358 | D:6      | Found a glowing silver altar of Zin.
  6625 | D:7      | Reached skill level 5 in Armour
  7458 | D:7      | Reached skill level 13 in Polearms
  7544 | D:7      | Found a blossoming altar of Fedhas.
  7878 | D:7      | Reached XP level 10. EP: 60/72
  7998 | D:7      | Found a snail-covered altar of Cheibriados.
  8339 | D:8      | Paralysed by a giant eyeball for 4 turns
  8595 | D:8      | Reached skill level 14 in Polearms
  8886 | D:9      | Received a gift from Trog
  9740 | D:9      | Found a staircase to the Orcish Mines.
 10137 | D:9      | Noticed a griffon
 10137 | D:9      | Noticed a fire crab
 10146 | D:9      | Killed a griffon
 10155 | D:9      | Killed a fire crab
 10155 | D:9      | Reached skill level 15 in Polearms
 10392 | D:10     | Entered Level 10 of the Dungeon
 10515 | D:10     | Found a staircase to the Lair.
 11108 | D:10     | Noticed cedor's ghost (experienced DESk)
 11120 | D:10     | Killed cedor's ghost
 11331 | D:10     | Reached XP level 11. EP: 71/76
 11362 | Lair:1   | Entered Level 1 of the Lair of Beasts
 12289 | Lair:2   | Reached skill level 16 in Polearms
 13048 | Lair:2   | Reached skill level 10 in Armour
 14012 | Lair:2   | Got a transparent cloak
 14016 | Lair:2   | Identified the cursed -1 cloak of Saorop {Str+2} (You found it on level 2 of the Lair of Beasts)
 14192 | Lair:3   | Reached skill level 17 in Polearms
 14467 | Lair:3   | Found a staircase to the Snake Pit.
 16266 | Lair:5   | Reached XP level 12. EP: 82/82
 16394 | Lair:5   | Reached skill level 18 in Polearms
 16597 | Lair:5   | Received a gift from Trog
 16611 | Lair:5   | Found a staircase to the Shoals.
 18382 | Lair:6   | Received a gift from Trog
 19235 | Lair:6   | Reached skill level 19 in Polearms
 20187 | Lair:6   | Reached skill level 5 in Fighting
 20657 | Lair:7   | Noticed a death yak
 20657 | Lair:7   | Noticed a death yak
 20657 | Lair:7   | Noticed a death yak
 20657 | Lair:7   | Noticed a death yak
 20657 | Lair:7   | Noticed a death yak
 20720 | Lair:6   | Noticed a catoblepas
 20727 | Lair:6   | Killed a catoblepas
 20785 | Lair:7   | Received a gift from Trog
 21119 | Lair:7   | Found a staircase to the Slime Pits.
 21184 | Lair:7   | Reached skill level 20 in Polearms
 21392 | Lair:7   | Noticed a death yak
 21393 | Lair:7   | Noticed a death yak
 21421 | Lair:6   | Killed a death yak
 21487 | Lair:7   | HP: 4/88 [griffon (7)]
 21568 | Lair:7   | Noticed a seven-headed hydra
 21771 | Lair:6   | Reached XP level 13. EP: 26/94
 21780 | Lair:6   | Noticed a five-headed hydra
 22043 | Lair:6   | Killed a one-headed hydra
 22233 | Lair:7   | Killed a hydra
 22495 | Lair:7   | Noticed a death yak
 22496 | Lair:7   | Noticed a death yak
 22496 | Lair:7   | Noticed a death yak
 22584 | Lair:6   | Killed a death yak
 22619 | Lair:7   | Killed a death yak
 22936 | Lair:7   | Noticed a five-headed hydra
 22945 | Lair:7   | Killed a hydra
 23034 | Lair:8   | Entered Level 8 of the Lair of Beasts
 23508 | Lair:6   | Killed a death yak
 23508 | Lair:6   | Reached skill level 21 in Polearms
 24017 | Lair:6   | Killed a death yak
 24601 | Lair:6   | Killed a death yak
 24776 | Lair:6   | Killed a death yak
 24919 | Lair:6   | Killed a death yak
 25094 | Lair:6   | Killed a death yak
 25213 | Lair:6   | Killed a death yak
 25885 | Lair:6   | Reached skill level 22 in Polearms
 26119 | Lair:8   | Received a gift from Trog
 26395 | Lair:8   | Reached XP level 14. EP: 78/106
 27241 | Lair:8   | Noticed a seven-headed hydra
 27882 | Lair:8   | Killed a one-headed hydra
 28517 | Lair:8   | Received a gift from Trog
 28737 | Lair:7   | Reached skill level 10 in Fighting
 29059 | Lair:8   | Identified a scroll of acquirement
 29060 | Lair:8   | Got a transparent buckler
 29432 | Lair:8   | Reached skill level 23 in Polearms
 29553 | Lair:8   | Got an ancient shield
 29581 | Lair:8   | Identified the +1 buckler "Greoblush" {rF+ rC+ Str-5 Int+2} (You acquired it on level 8 of the Lair of Beasts)
 29589 | Lair:8   | Identified the +2 shield of the Vacuum {Stlth++} (You found it on level 8 of the Lair of Beasts)
 30063 | D:11     | Found Bamama Muzo's Jewellery Boutique.
 30481 | D:11     | Received a gift from Trog
 30495 | D:11     | Got an ichor-stained demon trident {god gift}
 30496 | D:11     | Identified the demon trident "Ezaif" {god gift, drain, MR++} (Trog gifted it to you on level 11 of the Dungeon)
 31022 | D:12     | Paralysed by a giant eyeball for 3 turns
 31538 | Orc:1    | Entered Level 1 of the Orcish Mines
 31646 | Orc:1    | Received a gift from Trog
 31830 | Orc:2    | Found Lenash's Jewellery Emporium.
 31864 | Orc:2    | Bought the ring "Sulolig" {Hunger +Blink rC+ Dam+4} for 273 gold pieces
 32390 | Orc:1    | Received a gift from Trog
 32580 | Orc:3    | Noticed Joseph
 32596 | Orc:3    | Killed Joseph
 33162 | Orc:3    | Noticed Nessos
 33175 | Orc:3    | Killed Nessos
 33205 | Orc:3    | Noticed Harold
 33228 | Orc:3    | Killed Harold
 33281 | Orc:3    | Received a gift from Trog
 33282 | Orc:3    | Got a smoking glaive {god gift}
 33284 | Orc:3    | Identified the glaive of Xoqaizae {god gift, slay drac, MR++} (Trog gifted it to you on level 3 of the Orcish Mines)
 33419 | Orc:4    | Entered Level 4 of the Orcish Mines
 33644 | Orc:4    | Found a staircase to the Elven Halls.
 33760 | Orc:4    | Received a gift from Trog
 34624 | Orc:3    | Slain by a two-headed ogre

Action                   |  1- 3 |  4- 6 |  7- 9 | 10-12 | 13-15 || total
-------------------------+-------+-------+-------+-------+-------++-------
Melee: Spear             |   161 |   193 |       |       |       ||   354
       Halberd           |       |    80 |   428 |   893 |       ||  1401
       Bardiche          |       |       |       |   288 |  1349 ||  1637
       Glaive            |       |       |       |   250 |    60 ||   310
       Demon trident     |       |       |       |       |   115 ||   115
       Unarmed           |       |       |       |       |     1 ||     1
Invok: Berserk           |     2 |     6 |     7 |    11 |    12 ||    38
       Trog's Hand       |       |       |       |       |     2 ||     2
Evoke: Wand              |       |     1 |     1 |     4 |       ||     6
  Use: Scroll            |       |    17 |     6 |    18 |     8 ||    49
       Potion            |       |       |       |     6 |     2 ||     8
 Stab: Sleeping          |     2 |       |       |       |       ||     2
       Distracted        |       |       |       |       |     2 ||     2
